Map: Disco Bloodbath LE

Players

Kelazhur

  • Race: Terran Terran
  • Spawn Location: 3:00

Future - Winner!

  • Race: Terran Terran
  • Spawn Location: 9:00

Event: NationWars 2019

VOD

Have the link to the VOD?

Description

Time

  • Played on: Oct. 12, 2019, 11:46 a.m.
  • Length: 12:17
Show
View Real Time Build Order
Export as new Build Order

Kelazhur Terran 

Build Orders: Gas First Reaper Expand 

Get SALT Encoding   

  12  0:00  SCV  
  13  0:12  SCV  
  14  0:17  Supply Depot  
  14  0:24  SCV  
  14  0:27  Refinery  
  15  0:38  SCV  
  16  0:44  Barracks  
  16  0:50  SCV  
  17  1:03  SCV  
  18  1:15  SCV  
  19  1:31  Orbital Command, Reaper  
  20  1:43  Command Center  
  20  1:56  Factory  
  20  1:58  SCV  
  21  2:06  Barracks Reactor  
  21  2:10  Refinery  
  21  2:11  SCV  
  21  2:18  Supply Depot  
  21  2:24  SCV  
  22  2:36  SCV  
  23  2:46  Marine x2  
  23  2:47  Hellion  
  23  2:48  SCV  
  23  2:49  Starport  
  28  3:01  SCV  
  28  3:03  Orbital Command  
  29  3:15  SCV  
  29  3:16  Hellion  
  29  3:17  Hellion  
  34  3:25  Barracks Tech Lab  
  34  3:27  SCV  
  34  3:30  SCV  
  36  3:39  SCV, Hellion x2  
  40  3:42  SCV  
  41  3:51  SCV  
  41  3:54  SCV  
  41  3:55  Supply Depot  
  43  3:56  Medivac  
  45  4:03  SCV, Supply Depot  
  46  4:17  SCV, Hellion x2  
  51  4:20  SCV  
  51  4:23  Supply Depot  
  47  4:31  SCV  
  49  4:38  Hellion x2  
  49  4:40  SCV  
  48  4:50  Barracks Reactor  
  48  4:51  SCV  
  48  4:52  SCV  
  48  4:53  Refinery, Command Center  
  48  4:55  Raven  
  50  5:03  SCV  
  51  5:08  Marine x2  
  51  5:10  SCV, Supply Depot  
  51  5:11  Factory Tech Lab  
  54  5:16  SCV  
  54  5:17  Barracks  
  54  5:18  Barracks  
  54  5:19  Refinery  
  55  5:22  SCV  
  55  5:26  Marine x2  
  55  5:28  SCV  
  59  5:30  Siege Tank  
  62  5:36  SCV  
  62  5:40  SCV  
  62  5:41  Raven  
  66  5:43  Marine  
  66  5:44  Marine  
  66  5:48  SCV  
  69  5:57  SCV  
  69  6:00  SCV  
  69  6:02  Siege Tank  
  69  6:03  Supply Depot  
  72  6:06  Engineering Bay, Barracks Tech Lab  
  72  6:07  Engineering Bay, Barracks Tech Lab  
  72  6:08  Orbital Command  
  72  6:09  SCV  
  73  6:11  Supply Depot  
  73  6:13  SCV, Marine  
  73  6:14  Marine  
  76  6:21  SCV  
  75  6:29  SCV  
  75  6:30  Marine x2  
  75  6:31  Raven, Combat Shield, Stimpack  
  76  6:35  Marine x2  
  76  6:36  Siege Tank  
  76  6:37  SCV  
  76  6:39  Orbital Command  
  82  6:41  SCV  
  82  6:42  Terran Infantry Weapons Level 1, Terran Infantry Armor Level 1  
  82  6:44  Supply Depot  
  83  6:51  SCV  
  83  6:53  Marine x4  
  87  6:57  Barracks  
  87  7:00  Barracks, SCV  
  88  7:04  SCV  
  90  7:12  SCV  
  89  7:16  SCV, Marine  
  89  7:17  Orbital Command, Marine x3  
  89  7:18  Siege Tank  
  97  7:24  SCV  
  97  7:25  Starport Reactor  
  97  7:28  SCV  
  99  7:34  Marine x4  
  99  7:36  SCV  
  104  7:40  SCV  
  104  7:43  SCV  
  105  7:44  Armory, Supply Depot, Marine  
  105  7:48  SCV  
  107  7:51  Marine  
  107  7:52  Marine x4  
  110  7:59  Siege Tank  
  110  8:02  Marine  
  110  8:04  Refinery  
  114  8:09  Marine  
  114  8:10  Marine x4  
  116  8:13  Medivac x2  
  120  8:20  Marine  
  120  8:27  Marine x2  
  121  8:28  Marine x2  
  125  8:35  Refinery  
  125  8:38  Marine x2  
  125  8:39  Siege Tank  
  122  8:42  Command Center  
  122  8:43  SCV  
  122  8:44  Marine  
  122  8:45  Marine  
  125  8:49  Terran Infantry Armor Level 2, Terran Infantry Weapons Level 2  
  125  8:51  Supply Depot  
  125  8:56  Marine  
  125  9:04  Marine  
  125  9:05  SCV  
  125  9:06  Marine  
  125  9:07  Marine  
  125  9:13  Marine x2  
  127  9:22  Marine  
  119  9:24  Marine  
  119  9:25  Medivac x2, Marine  
  119  9:27  Siege Tank  
  119  9:30  Marine  
  127  9:31  Marine  
  120  9:40  Marine  
  120  9:42  Marine x2  
  120  9:43  SCV x2  
  121  9:48  Marine  
  121  9:49  Marine  
  119  9:55  Medivac  
  119  9:58  Marine  
  120  10:00  Marine x2  
  120  10:05  Medivac  
  120  10:06  Marine  
  117  10:07  Marine  
  117  10:15  Marine  
  117  10:18  Marine x2  
  115  10:24  Marine  
  115  10:25  Marine  
  117  10:33  Marine  
  117  10:35  SCV  
  119  10:41  Orbital Command  
  119  10:47  Marine x4  
  120  11:03  Orbital Command, Marine  
  119  11:07  SCV x3  
  122  11:19  SCV, Marine x3  
  122  11:20  Marine  
  118  11:26  SCV  
  118  11:30  Siege Tank  
  118  11:31  SCV  
  113  11:37  Marine x3  
  113  11:38  Marine  
  113  11:39  SCV  
  106  11:43  SCV  
  87  11:55  Marine x3  
  87  11:56  Marine  
Show
View Real Time Build Order
Export as new Build Order

Future Terran - Winner!

Build Orders: Gas First Reaper Expand 

Get SALT Encoding   

  12  0:00  SCV  
  13  0:12  SCV  
  14  0:17  Supply Depot  
  14  0:24  SCV  
  15  0:30  Refinery  
  15  0:38  SCV  
  16  0:44  Barracks  
  16  0:51  SCV  
  17  1:03  SCV  
  18  1:15  SCV  
  19  1:31  Orbital Command, Reaper  
  20  1:42  Command Center  
  20  1:56  Factory  
  20  1:57  SCV  
  21  2:08  Barracks Reactor  
  21  2:09  SCV  
  21  2:13  Refinery  
  22  2:16  Supply Depot  
  22  2:21  SCV  
  22  2:33  SCV  
  23  2:48  SCV  
  23  2:49  Starport  
  26  2:51  Hellion  
  26  2:52  Hellion  
  26  2:55  Orbital Command  
  28  3:00  SCV  
  29  3:06  Barracks Tech Lab  
  29  3:12  SCV, Hellion  
  32  3:15  Hellion  
  34  3:22  SCV  
  34  3:24  SCV  
  35  3:34  SCV  
  36  3:36  SCV  
  36  3:38  Raven, Refinery  
  39  3:42  Marine  
  39  3:43  Supply Depot, Marine  
  39  3:47  SCV  
  42  3:48  SCV  
  42  3:51  Factory Tech Lab  
  41  3:59  SCV  
  41  4:00  SCV  
  43  4:06  Marine x2  
  43  4:07  Supply Depot  
  45  4:10  Cyclone  
  45  4:11  SCV  
  45  4:13  SCV  
  50  4:21  Raven  
  50  4:23  SCV, Marine  
  54  4:25  Supply Depot  
  54  4:28  SCV, Marine  
  54  4:35  SCV  
  52  4:40  SCV  
  52  4:41  Marine  
  52  4:43  Siege Tank  
  55  4:46  Marine  
  55  4:48  SCV  
  57  4:54  SCV  
  57  4:57  Command Center  
  58  5:00  SCV  
  58  5:01  Supply Depot  
  58  5:02  Refinery  
  58  5:06  SCV  
  60  5:12  SCV, Viking x2  
  60  5:13  Stimpack, Marine  
  66  5:19  SCV  
  67  5:24  SCV  
  67  5:25  Supply Depot  
  67  5:31  SCV  
  67  5:33  Siege Tank  
  70  5:36  SCV  
  70  5:42  Viking x2  
  75  5:43  SCV  
  75  5:48  SCV  
  76  5:55  SCV  
  77  6:00  SCV, Marine  
  77  6:03  Barracks  
  79  6:04  Barracks  
  79  6:05  Siege Tank  
  79  6:08  SCV  
  84  6:11  Orbital Command  
  84  6:12  SCV  
  84  6:14  Viking  
  84  6:16  Viking  
  88  6:21  Marine  
  88  6:23  SCV  
  90  6:27  Engineering Bay  
  90  6:28  SCV  
  90  6:29  Engineering Bay  
  91  6:35  SCV  
  91  6:37  Siege Tank  
  95  6:40  SCV, Orbital Command  
  95  6:43  Supply Depot  
  95  6:44  Supply Depot  
  95  6:45  Marine  
  97  6:47  SCV  
  97  6:52  SCV  
  96  6:54  Barracks Reactor x2  
  96  7:00  Terran Infantry Weapons Level 1, SCV  
  97  7:02  Barracks x2  
  97  7:04  SCV, Marine  
  97  7:05  Viking  
  97  7:06  SCV  
  102  7:12  SCV  
  102  7:14  Viking  
  105  7:20  SCV x2  
  110  7:22  Siege Tank  
  110  7:24  SCV  
  111  7:31  Supply Depot, Refinery  
  111  7:32  SCV, Supply Depot, Refinery  
  111  7:33  SCV  
  111  7:36  SCV  
  114  7:37  Marine x3  
  117  7:45  SCV  
  117  7:50  Barracks Reactor  
  117  7:51  Supply Depot, Sensor Tower  
  117  7:52  Supply Depot  
  117  7:53  SCV, Medivac x2  
  117  7:54  Supply Depot  
  119  8:03  Marine  
  119  8:04  Marine  
  119  8:05  Siege Tank  
  124  8:10  Barracks Reactor  
  124  8:11  Marine  
  125  8:13  Marine x2  
  125  8:18  Armory, Terran Infantry Armor Level 1  
  125  8:19  Combat Shield  
  127  8:20  Marine  
  127  8:21  Marine  
  127  8:22  Viking x2  
  133  8:27  Marine  
  133  8:28  Marine  
  133  8:29  Marine  
  133  8:31  Marine x2  
  133  8:33  Supply Depot  
  138  8:37  Siege Tank  
  138  8:38  Marine  
  138  8:39  Marine  
  141  8:45  Marine  
  141  8:46  Marine x2  
  141  8:47  Marine x2  
  146  8:49  Marine x2  
  146  8:52  Medivac x2  
  152  8:56  Marine  
  152  8:57  Marine  
  152  8:58  Supply Depot, Command Center  
  154  9:03  Marine x2  
  154  9:04  Marine x2  
  154  9:08  Marine  
  154  9:09  Siege Tank  
  159  9:12  Marine x2  
  159  9:14  Marine  
  159  9:15  Marine  
  163  9:21  Marine  
  150  9:25  Marine x3  
  150  9:31  Marine  
  141  9:34  Marine  
  141  9:35  Marine x3  
  146  9:39  Marine  
  146  9:41  Siege Tank  
  146  9:43  Marine  
  146  9:44  Marine  
  152  9:45  Medivac  
  152  9:46  Medivac  
  152  9:48  Marine  
  152  9:49  Marine  
  152  9:52  Marine  
  158  9:53  Marine x3  
  158  9:57  Marine  
  163  10:00  Marine  
  163  10:01  Marine  
  163  10:05  Marine  
  163  10:07  Supply Depot, Terran Vehicle Weapons Level 1, Marine  
  166  10:08  Barracks  
  166  10:10  Marine x4  
  166  10:12  Supply Depot  
  166  10:13  Supply Depot, Siege Tank  
  167  10:14  Marine  
  167  10:15  Supply Depot  
  167  10:17  Medivac x2  
  167  10:20  Marine x2  
  172  10:23  Marine  
  172  10:24  Factory, Marine  
  172  10:28  Marine  
  175  10:35  Marine  
  175  10:36  Marine  
  173  10:43  Marine x3  
  173  10:44  Marine  
  173  10:45  Siege Tank  
  173  10:46  Marine  
  173  10:47  Marine  
  173  10:48  Marine  
  183  10:53  Marine  
  184  10:59  Marine  
  184  11:01  Marine x3  
  188  11:10  Factory Tech Lab  
  184  11:11  Marine x4  
  184  11:13  Viking x2  
  184  11:14  Marine  
  184  11:18  Siege Tank  
  196  11:20  Marine x4  
  197  11:29  Marine x3  
  197  11:30  Siege Tank  
  185  11:34  Marine x2  
  185  11:38  Marine  
  165  11:40  Marine  
  165  11:41  Marine x2  
  165  11:47  Marine x3  
  156  11:52  Marine x2  
  159  11:55  Marine  
Tags
 
Add a new tag
Caveats
  • Supply blocks, unpowered buildings, or Contaminate may cause inaccurate times.
  • Supply counts are checked every 10 seconds.